 Dungeon Crawl Stone Soup version 0.28.0-53-g5a82cb258f (webtiles) character file.

Game seed: 4893983458674054413

749 Kranky the Spear-Bearer (level 7, -1/94 HPs)
             Began as a Minotaur Berserker on June 18, 2022.
             Was a Believer of Trog.
             Slain by Pikel
             ... wielding a +1 whip of flaming
              (7 damage)
             ... on level 6 of the Dungeon.
             The game lasted 00:08:00 (4484 turns).

Kranky the Spear-Bearer (Minotaur Berserker)        Turns: 4484, Time: 00:08:01

Health: -1/94      AC: 11    Str: 23    XL:     7   Next: 48%
Magic:  6/6        EV:  8    Int:  4    God:    Trog [**....]
Gold:   161        SH:  0    Dex: 10    Spells: 6/6 levels left

rFire   . . .      SeeInvis .   o - +0 halberd
rCold   . . .      Faith    .   (shield currently unavailable)
rNeg    . . .      Spirit   .   s - +0 chain mail
rPois   .          Reflect  .   (helmet restricted)
rElec   .          Harm     .   (no cloak)
rCorr   .          Rampage  .   (no gloves)
Will    .....                   n - +0 pair of boots
Stlth   ..........              (no amulet)
HPRegen 0.25/turn               (no ring)
MPRegen 0.10/turn               (no ring)

@: berserking, very quick
A: horns 2, retaliatory headbutt
a: Renounce Religion, Berserk, Trog's Hand


You were on level 6 of the Dungeon.
You worshipped Trog.
Trog was pleased with you.
You visited 1 branch of the dungeon, and saw 5 of its levels.

You collected 161 gold pieces.

Inventory:

Hand Weapons
 a - a +0 spear
 o - a +0 halberd (weapon)
Armour
 n - a +0 pair of boots (worn)
 s - a +0 chain mail (worn)
Scrolls
 b - a scroll of holy word {unknown}
 c - 5 scrolls of identify {unknown}
 e - 3 scrolls of enchant weapon {unknown}
 f - 2 scrolls of noise {unknown}
 g - a scroll of blinking {unknown}
 j - a scroll of fear {unknown}
 k - a scroll of immolation
 l - a scroll of teleportation {unknown}
 p - a scroll of torment {unknown}
 r - a scroll of vulnerability {unknown}
Potions
 d - a potion of curing {unknown}
 i - a potion of lignification {unknown}
 m - a potion of ambrosia {unknown}
 q - a potion of mutation {unknown}


   Skills:
 + Level 6.0 Fighting
 + Level 8.0 Polearms
 + Level 5.5 Armour
 - Level 2.2 Dodging


You had 6 spell levels left.
You didn't know any spells.
Your spell library was empty.

Dungeon Overview and Level Annotations

Branches:
Dungeon (6/15)
 Temple: D:4-7

Altars:
Cheibriados
Nemelex Xobeh
Uskayaw
Xom
Zin

Annotations:
D:6 Pikel


Innate Abilities, Weirdness & Mutations

You have a pair of horns on your head.
You reflexively headbutt those who attack you in melee.


Message History

The lemure is severely wounded.
The lemure hits you but does no damage.
You miss Pikel. You headbutt Pikel, but do no damage. You puncture Pikel!
You headbutt Pikel, but do no damage.
Pikel is moderately wounded.
Pikel hits you with a +1 whip of flaming.
Pikel burns you.
You hit Pikel. Your headbutt misses Pikel.
Pikel is heavily wounded.
Pikel closely misses you. You furiously retaliate!
You headbutt Pikel, but do no damage. You closely miss Pikel.
Pikel is heavily wounded.
Pikel closely misses you. You furiously retaliate!
You headbutt Pikel! You closely miss Pikel.
You headbutt Pikel, but do no damage.
Pikel is severely wounded.
Pikel hits you with a +1 whip of flaming.
Pikel burns you.
Pikel hits you with a +1 whip of flaming!
Pikel burns you.
You closely miss Pikel.
Pikel is severely wounded.
Pikel barely misses you.
You barely miss Pikel.
Pikel is severely wounded.
Pikel hits you with a +1 whip of flaming!
Pikel burns you.
* * * LOW HITPOINT WARNING * * *
A red film seems to cover your vision as you go berserk!
You feel yourself moving faster!
You feel mighty!
Pikel hits you with a +1 whip of flaming!
* * * LOW HITPOINT WARNING * * *
Pikel burns you.
* * * LOW HITPOINT WARNING * * *
You miss Pikel.
Pikel is severely wounded.
You hit Pikel.
Pikel is severely wounded.
Pikel hits you with a +1 whip of flaming!
You die...

###### ###### ###....###
#@K55# #.'......# # ####.#
#.#....... ##########
#.####.####.... .........####
#......## ###..
#...........############..#
###.
+...........'.............#
DY##.
#...........############..#.Oc
## #...........# #####.##$. #
#...........# #.....########


You could see Pikel (strong) and 2 lemures.

Vanquished Creatures
  A black bear (D:6)
  A sky beast (D:6)
  A necrophage (D:1)
  An ogre (D:6)
  A wyvern skeleton (D:6)
  A centaur zombie (D:6)
  2 hounds (D:6)
  An iguana (D:6)
  Robin (D:3)
  8 gnolls
  5 adders
  2 worms
  2 dart slugs
  A ball python (D:1)
  7 bats
  5 endoplasms
  4 giant cockroaches
  12 goblins
  3 hobgoblins
  14 jackals
  5 kobolds
  2 quokkas
  6 frilled lizards
  3 rats
89 creatures vanquished.

Vanquished Creatures (others)
  5 plants
5 creatures vanquished.

Grand Total: 94 creatures vanquished

Notes
Turn   | Place    | Note
-------+----------+-------------------------------------------
     0 | D:1      | Kranky the Minotaur Berserker began the quest for the Orb.
     0 | D:1      | Reached XP level 1. HP: 19/19 MP: 0/0
   191 | D:1      | Reached skill level 4 in Polearms
   191 | D:1      | Reached XP level 2. HP: 24/27 MP: 1/1
   930 | D:1      | Reached ** piety under Trog
   931 | D:1      | Reached XP level 3. HP: 33/33 MP: 2/2
  1359 | D:2      | Noticed a necrophage
  1377 | D:1      | Killed a necrophage
  1378 | D:1      | Reached skill level 5 in Fighting
  1378 | D:1      | Reached skill level 5 in Polearms
  1378 | D:1      | Reached XP level 4. HP: 37/42 MP: 3/3
  1392 | D:1      | Reached XP level 5. HP: 15/48 MP: 4/4
  1635 | D:2      | Reached skill level 6 in Polearms
  1769 | D:2      | Found a shimmering altar of Xom.
  2117 | D:2      | Found a faded altar of an unknown god.
  2717 | D:3      | Noticed Robin
  2729 | D:3      | Killed Robin
  2837 | D:3      | Found a hide-covered altar of Uskayaw.
  2837 | D:3      | Noticed a +0 dagger
  2837 | D:3      | Noticed a +0 short sword
  2837 | D:3      | Noticed a +0 falchion
  2837 | D:3      | Noticed a +0 short sword
  2838 | D:3      | Noticed a +0 spear
  2838 | D:3      | Noticed a +0 dagger
  2839 | D:3      | Noticed a +0 falchion
  2841 | D:3      | Noticed a +0 spear
  2867 | D:3      | Reached XP level 6. HP: 31/56 MP: 5/5
  3187 | D:3      | You fall into a shaft and drop 3 floors!
  3226 | D:6      | Reached skill level 7 in Polearms
  3278 | D:5      | Entered Level 5 of the Dungeon
  3283 | D:5      | Noticed Pikel
  3319 | D:6      | Noticed a sky beast
  3319 | D:6      | Noticed an acid dragon
  3578 | D:6      | Reached XP level 7. HP: 62/62 MP: 6/6
  3578 | D:6      | Found a faded altar of an unknown god.
  3578 | D:6      | Found a faded altar of an unknown god.
  3584 | D:6      | Found a glowing silver altar of Zin.
  3590 | D:6      | Found a sparkling altar of Nemelex Xobeh.
  3591 | D:6      | Found a snail-covered altar of Cheibriados.
  3655 | D:6      | Reached *** piety under Trog
  3894 | D:6      | Reached skill level 5 in Armour
  4200 | D:6      | Reached skill level 8 in Polearms
  4484 | D:6      | Slain by Pikel

Illustrated notes

Levels and vault maps discovered:
D:1:      scummos_arrival_hexagon, layout_basic
D:2:      layout_basic, hellmonk_ecumenical_altar_blasted, basic_altar,
          serial_bayou_lake_a
D:3:      layout_loops_corners, nicolae_uskayaw_en_pointe,
          grunt_dithmenos_smoke, serial_forest, infiniplex_forest_clump_C,
          infiniplex_forest_clump_curved, infiniplex_forest_straight_2,
          infiniplex_forest_lined_room_2, infiniplex_forest_corner_1,
          infiniplex_forest_clump_small, infiniplex_forest_zigzag_1,
          infiniplex_forest_clump_small, infiniplex_forest_lined_ring,
          infiniplex_forest_straight_2, uniq_robin
D:5:      layout_layer_cave, kennysheep_okawaru_gauntlet, serial_shops,
          nicolae_shop_behind_doors, sword_in_stone, uniq_duvessa, uniq_pikel
D:6:      layout_basic, chequers_temple_overflow_minitemple,
          lightli_corner_chamber

Skill      XL: |  1  2  3  4  5  6  7 |
---------------+----------------------+-----
Polearms       | 4 5 6 7 8 |  8.0
Fighting       | 4 5 6 |  6.0
Armour         | 3 4 5 |  5.5
Dodging        | |  2.2

Action                   |  1- 3 |  4- 6 |  7- 9 || total
-------------------------+-------+-------+-------++-------
Melee: Spear             |    79 |   131 |       ||   210
       Headbutt          |     8 |    19 |     8 ||    35
       Punch             |       |     1 |       ||     1
       Halberd           |       |    31 |    36 ||    67
Invok: Berserk           |       |     1 |     1 ||     2
 Stab: Sleeping          |     1 |       |       ||     1
Armor: Animal skin       |    11 |       |       ||    11
       Ring mail         |     2 |    33 |       ||    35
       Chain mail        |       |     1 |    20 ||    21
Dodge: Dodged            |    45 |    74 |    11 ||   130
